AoeStats
← 觅桃豚

Yucatan

510520692Analyzed
4v4 RM · 1d ago on Oct 1, 2026· 23m 5s· 8 players
Game mode
Random Map
Map size
Large (8 player)
Population
200
Speed
Normal
Resources
Standard
Victory
Conquest
Starting age
Dark Age
Ending age
Imperial Age
RankedLock teamsTeams togetherTeam positionsShared explorationLock speedFull tech treeHidden civsTurbo modeCheats
Victory
Defeat
🇧🇷 Jurchens · Brazil
1110
+12
🇭🇰 Magyars · Hong Kong SAR China
1098
+13
🇨🇳 Vietnamese · China
878
+22
🇨🇳 Gurjaras · China
786
+25
🇨🇳 Maya · China
1067
-20
🇹🇼 Magyars · Taiwan
1016
-18
🇺🇦 Mongols · Ukraine
1016
-18
🇫🇷 Franks · France
964
-16
sparttanez
9:52 Feudal Age
13:51 Castle Age
12:09 Double-Bit Axe
13:25 Loom
15:00 Bow Saw
15:27 Town Watch
16:19 Wheelbarrow
denny0002000
12:06 Feudal Age
10:24 Loom
10:30 Loom
12:16 Feudal Age
13:30 Double-Bit Axe
16:28 Castle Age
16:45 Gold Mining
18:25 Bow Saw
18:29 Horse Collar
21:00 Heavy Plow
Napoleon
11:22 Feudal Age
19:53 Castle Age
19:08 Stone Mining
19:07 Double-Bit Axe
19:15 Gold Mining
21:00 Bow Saw
21:28 Gold Shaft Mining
fyerlang
0:38 Loom
12:28 Feudal Age
16:37 Castle Age
15:20 Double-Bit Axe
16:47 Horse Collar
17:56 Bow Saw
19:39 Wheelbarrow
goodluckming
13:41 Feudal Age
14:12 Loom
14:46 Double-Bit Axe
14:41 Horse Collar
17:03 Castle Age
18:53 Bow Saw
18:44 Heavy Plow
19:20 Wheelbarrow
22:09 Stone Mining
tony.li
11:07 Feudal Age
11:53 Double-Bit Axe
12:03 Loom
15:59 Castle Age
14:25 Gold Mining
15:00 Forging
16:03 Scale Barding Armor
16:13 Bloodlines
17:51 Husbandry
21:43 Horse Collar
22:42 Chain Barding Armor
觅桃豚
0:34 Loom
12:53 Feudal Age
14:30 Double-Bit Axe
14:26 Horse Collar
17:07 Town Watch
19:50 Castle Age
19:45 Forging
19:41 Scale Barding Armor
21:25 Bloodlines
21:21 Husbandry
无语
11:11 Feudal Age
14:56 Castle Age
13:22 Double-Bit Axe
13:42 Horse Collar
15:26 Stone Mining
15:27 Gold Mining
17:35 Wheelbarrow
20:13 Bow Saw
20:05 Heavy Plow
20:55 Stone Mining
Connection lost

Rejoining the realm…

Still unreachable

The connection could not be restored.

Session expired

The server has moved on; the page needs a fresh start.